 Dungeon Crawl Stone Soup version 0.21.1-1-g345015f (webtiles) character file.

196 Supreme the Chiller (level 5, -1/35 HPs)
             Began as a Merfolk Ice Elementalist on Apr 25, 2018.
             Slain by Natasha (3 damage)
             ... on level 2 of the Dungeon.
             The game lasted 00:14:52 (1142 turns).

Supreme the Chiller (Merfolk Ice Elementalist)      Turns: 1142, Time: 00:14:52

Health: -1/35      AC:  2    Str:  8    XL:     5   Next: 75%
Magic:  10/10      EV: 13    Int: 14    God:
Gold:   100        SH:  0    Dex: 16    Spells: 8/11 levels left

rFire    x . .     SeeInvis .   (no weapon)
rCold    + . .     Gourm    .   (no shield)
rNeg     . . .     Faith    .   a - +0 robe
rPois    .         Spirit   .   (no helmet)
rElec    .         Reflect  .   (no cloak)
rCorr    .         Harm     .   (no gloves)
MR       .....                  (no boots)
Stlth    +.........             (no amulet)
HPRegen  0.11/turn              h - ring of ice
MPRegen  0.12/turn              (no ring)

@: confused
A: change form in water, swift swim, stealthy swim
a: no special abilities


You were on level 2 of the Dungeon.
You were not hungry.

You visited 1 branch of the dungeon, and saw 2 of its levels.

You collected 100 gold pieces.

Inventory:

Hand Weapons
 d - a cursed -1 whip
 f - a +0 dagger
 s - a +2 dagger of speed
Missiles
 n - 26 stones (quivered)
Armour
 a - a +0 robe (worn)
Jewellery
 h - a ring of ice (left hand)
Scrolls
 g - 3 scrolls of remove curse {unknown}
 i - a scroll of fear {unknown}
 j - 3 scrolls of teleportation {unknown}
 k - a scroll of blinking {unknown}
 p - 3 scrolls of amnesia {unknown}
 r - a scroll of identify {unknown}
Potions
 e - a potion of invisibility {unknown}
 l - 3 potions of might {unknown}
 m - 2 potions of lignification {unknown}
 o - a potion of heal wounds
Books
 b - a book of Frost

   Spells                             Type                      Level
   a - Freeze                         Ice                          1
   b - Throw Frost                    Conjuration/Ice              2
   c - Ozocubu's Armour               Charms/Ice                   3
   d - Throw Icicle                   Conjuration/Ice              4
   e - Summon Ice Beast               Ice/Summoning                4
Comestibles
 c - 4 rations
 q - 7 chunks of flesh


   Skills:
 + Level 0.2 Fighting
 + Level 2.9 Dodging
 + Level 2.3 Stealth
 + Level 3.8 Spellcasting
 + Level 0.8 Conjurations
 + Level 5.3 Ice Magic


You had 8 spell levels left.
You knew the following spells:

 Your Spells              Type           Power        Failure   Level  Hunger
a - Freeze                Ice            ####         2%          1    None
b - Throw Frost           Conj/Ice       ###...       9%          2    ##.....


Dungeon Overview and Level Annotations

Branches:
Dungeon (2/15)

Altars:

Annotations:
D:2 Natasha, Sigmund, Terence


Message History

You are more confused.
Natasha barely misses you.
You bump into the rock wall.
Sigmund breathes a few words.
Sigmund's hands start flickering wildly.
Sigmund mumbles some strange words.
Sigmund flickers and vanishes!
Deactivating autopickup; reactivate with Ctrl-A.
Natasha barely misses you.
You hit Natasha but do no damage. Natasha claws you.
Unknown command.
You hit Natasha.
Natasha is lightly wounded.
Natasha barely misses you. Natasha casts a spell at you.
The magic dart hits you!
* * * LOW HITPOINT WARNING * * *
You bump into the rock wall.
You're too confused to move!
Natasha claws you.
You die...

# #.##.# #.# #.### #### #.##.#
#<# #.##. ...# #.##.#########.#
#.##.
.....####.##...........######<##.
####.......#.#######..).....[...#
#.####..#.######....######..##
#.####...#.{.....#<..# #.#.#
#.......#.##h.##.....# #.##.
#.####..#.##.@####...# #.... #.#
#.[#.##..# #...# ####.
####.####..#.##..####...# #.
..................).....########.
#.#######..#####.####.#..........
#.#######..#####.# #.###########
#................# #.# ...#
#..### ### #.# #.##
#..##########.#


You could see Natasha.

Vanquished Creatures
  2 bullfrogs (D:2)
  Natasha (D:2)
  An adder (D:2)
  A worm (D:2)
  3 dart slugs
  6 bats
  3 giant cockroaches
  3 goblins
  3 hobgoblins (D:1)
  3 jackals (D:2)
  A quokka (D:2)
  A ball python (D:1)
  3 frilled lizards (D:1)
  3 kobolds
  4 rats
38 creatures vanquished.

Notes
Turn   | Place    | Note
-------+----------+-------------------------------------------
     0 | D:1      | Supreme the Merfolk Ice Elementalist began the quest for the Orb.
     0 | D:1      | Reached XP level 1. HP: 13/13 MP: 3/3
   175 | D:1      | Reached XP level 2. HP: 14/19 MP: 1/5
   179 | D:1      | Learned a level 2 spell: Throw Frost
   532 | D:2      | Noticed Natasha
   536 | D:2      | Noticed a crimson imp
   542 | D:2      | Killed Natasha
   542 | D:2      | Reached skill level 4 in Ice Magic
   542 | D:2      | Reached XP level 3. HP: 15/24 MP: 0/7
   548 | D:2      | Noticed Natasha
   806 | D:2      | Noticed Sigmund
   806 | D:2      | Noticed a bullfrog
   821 | D:2      | Killed a bullfrog
   821 | D:2      | Reached XP level 4. HP: 14/30 MP: 5/9
   821 | D:2      | Reached XP level 5. HP: 16/35 MP: 5/10
  1002 | D:2      | Reached skill level 5 in Ice Magic
  1018 | D:2      | Noticed Terence
  1142 | D:2      | Slain by Natasha

Skill      XL: |  1  2  3  4  5 |
---------------+----------------+-----
Ice Magic      | 4 5 |  5.3
Spellcasting   | 3 |  3.8
Fighting       | |  0.2
Dodging        | |  2.9
Stealth        | |  2.3
Conjurations   | |  0.8

Action                   |  1- 3 |  4- 6 || total
-------------------------+-------+-------++-------
Melee: Unarmed           |       |     2 ||     2
 Cast: Freeze            |    42 |    18 ||    60
       Throw Frost       |     3 |     4 ||     7
  Eat: Chunk             |       |     2 ||     2
Armor: Robe              |     6 |     3 ||     9
Dodge: Dodged            |    28 |     9 ||    37
